 Dungeon Crawl Stone Soup version 0.21.1-1-g345015f (webtiles) character file.

578 Solrac the Shield-Bearer (level 7, -9/56 HPs)
             Began as a Formicid Fighter on Mar 17, 2018.
             Was an Initiate of the Shining One.
             Mangled by a gnoll
             ... wielding a +0 halberd
              (12 damage)
             ... on level 5 of the Dungeon.
             The game lasted 00:22:44 (5246 turns).

Solrac the Shield-Bearer (Formicid Fighter)         Turns: 5246, Time: 00:22:45

Health: -9/56      AC: 13    Str: 20    XL:     7   Next: 62%
Magic:  7/7        EV:  5    Int:  8    God:    the Shining One [......]
Gold:   217        SH: 10    Dex: 12    Spells: 6/6 levels left

rFire    . . .     SeeInvis +   a - +0 flail
rCold    . . .     Gourm    .   c - +0 shield
rNeg     . . .     Faith    .   k - +0 plate armour
rPois    .         Spirit   .   (helmet unavailable)
rElec    .         Reflect  .   (no cloak)
rCorr    .         Harm     .   w - +0 pair of gloves
MR       .....                  (no boots)
Stlth    ..........             g - amulet of regeneration
HPRegen  0.58/turn              (no ring)
MPRegen  0.10/turn              (no ring)

@: glowing
A: permanent stasis, dig shafts and tunnels, four strong arms, antennae 3
a: Dig, Shaft Self, Renounce Religion


You were on level 5 of the Dungeon.
You worshipped the Shining One.
The Shining One was noncommittal.
You were hungry.

You visited 1 branch of the dungeon, and saw 5 of its levels.
You also visited: Sewer.

You collected 217 gold pieces.

Inventory:

Hand Weapons
 a - a +0 flail (weapon)
Missiles
 e - 124 stones (quivered)
 m - 4 javelins
Armour
 c - a +0 shield (worn)
 k - a +0 plate armour (worn)
 w - a +0 pair of gloves (worn)
Jewellery
 g - an amulet of regeneration (around neck)
Scrolls
 j - a scroll of fog {unknown}
 v - a scroll of amnesia
Potions
 b - 3 potions of curing {unknown}
 d - a potion of might
 h - 2 potions of flight {unknown}
 i - 2 potions of magic {unknown}
 l - a potion of resistance {unknown}
 n - a potion of agility {unknown}
 o - 2 potions of lignification {unknown}
 r - a potion of brilliance {unknown}
 s - 2 potions of heal wounds {unknown}
 t - a potion of haste {unknown}
Books
 p - a book of Cantrips

   Spells                             Type                      Level
   a - Confusing Touch                Hexes                        1
   b - Animate Skeleton               Necromancy                   1
   c - Summon Small Mammal            Summoning                    1
   d - Apportation                    Translocation                1
Comestibles
 f - 7 rations


   Skills:
 + Level 5.0 Fighting
 * Level 5.1 Maces & Flails
 + Level 5.0 Armour
 + Level 5.4 Shields


You had 6 spell levels left.
You didn't know any spells.

Dungeon Overview and Level Annotations

Branches:
Dungeon (5/15)             Temple (0/1) D:5

Altars:
Dithmenos
Fedhas
Gozag
Kikubaaqudgha
Qazlal
Sif Muna
Vehumet
Zin
The Shining One

Shops:
D:4 *

Annotations:
D:5 Prince Ribbit


Innate Abilities, Weirdness & Mutations

You cannot be hasted, slowed, berserked, paralysed or teleported.
You can dig through walls and to a lower floor.
Your four strong arms can wield two-handed weapons with a shield.
You have a pair of large antennae on your head. (SInv)


Message History

The gnoll shaman hits you but does no damage.
Prince Ribbit blinks!
You sock the centaur skeleton!
You destroy the centaur skeleton!
The Shining One accepts your kill.
Your Armour skill increases to level 5!
The gnoll hits you from afar with a halberd.
The gnoll shaman hits you but does no damage.
The gnoll hits you from afar with a halberd!
Prince Ribbit hits you! Prince Ribbit hits you.
Prince Ribbit hits you but does no damage.
The gnoll shaman calls upon its god to speed up the gnoll.
The gnoll seems to speed up.
The gnoll hits you from afar with a halberd.
* * * LOW HITPOINT WARNING * * *
Prince Ribbit hits you!
* * * LOW HITPOINT WARNING * * *
Prince Ribbit blinks!
The gnoll hits you from afar with a halberd!
You die...

############
##############.......<..#
###.........gg@..####.....#
###...#.......§.###.....#####
#.).###.......g.....#####
..### #........F.#.########
## ##..........#........#
##........##.##.##.##.#
##.........#..(......#.#
........................#
##..#.......#..⌠...⌠..#.#


You could see Prince Ribbit, a gnoll shaman and 2 gnolls.

Vanquished Creatures
  A centaur (D:4)
  An ogre (D:4)
  A howler monkey (D:5)
  A crimson imp (D:5)
  An orc wizard (D:4)
  A centaur skeleton (D:5)
  Jessica (D:2)
  A worker ant (D:3)
  A gnoll (D:5)
  10 adders
  An ooze (D:2)
  7 worms
  A leopard gecko (D:3)
  12 orcs
  4 ball pythons
  2 giant cockroaches (D:1)
  6 hobgoblins
  8 jackals (Sewer)
  16 kobolds
  A quokka (D:2)
  10 bats
  4 frilled lizards
  5 goblins
  8 rats
  A bush (D:2)
  3 plants
108 creatures vanquished.

Notes
Turn   | Place    | Note
-------+----------+-------------------------------------------
     0 | D:1      | Solrac the Formicid Fighter began the quest for the Orb.
     0 | D:1      | Reached XP level 1. HP: 18/18 MP: 1/1
   445 | D:1      | Reached XP level 2. HP: 16/24 MP: 2/2
  1083 | D:2      | Reached XP level 3. HP: 29/29 MP: 3/3
  1240 | D:2      | Found a radiant altar of Vehumet.
  1242 | D:2      | Found a blossoming altar of Fedhas.
  1243 | D:2      | Found a glowing silver altar of Zin.
  1243 | D:2      | Found a stormy altar of Qazlal.
  1243 | D:2      | Found a deep blue altar of Sif Muna.
  1244 | D:2      | Noticed Jessica
  1248 | D:2      | Killed Jessica
  1248 | D:2      | Reached XP level 4. HP: 33/37 MP: 4/4
  2120 | D:3      | Reached XP level 5. HP: 38/42 MP: 5/5
  2184 | D:3      | Found an ancient bone altar of Kikubaaqudgha.
  2484 | D:3      | Found a glowing drain.
  2543 | Sewer    | Entered a sewer
  3010 | Sewer    | Reached XP level 6. HP: 28/48 MP: 6/6
  3671 | D:3      | Found an opulent altar of Gozag.
  3829 | D:3      | Found a glowing golden altar of the Shining One.
  3835 | D:3      | Became a worshipper of the Shining One
  3903 | D:3      | Found a shadowy altar of Dithmenos.
  4632 | D:4      | Noticed an ogre
  4639 | D:4      | Killed an ogre
  4639 | D:4      | Reached skill level 5 in Shields
  4639 | D:4      | Reached XP level 7. HP: 32/55 MP: 7/7
  4729 | D:4      | Found a blossoming altar of Fedhas.
  4897 | D:4      | Found Neram's Assorted Antiques.
  5069 | D:5      | Entered Level 5 of the Dungeon
  5082 | D:5      | Found a staircase to the Ecumenical Temple.
  5212 | D:5      | Noticed Prince Ribbit
  5217 | D:5      | Reached skill level 5 in Fighting
  5217 | D:5      | Reached skill level 5 in Maces & Flails
  5241 | D:5      | Reached skill level 5 in Armour
  5244 | D:5      | HP: 2/56 [Prince Ribbit (14)]
  5246 | D:5      | Mangled by a gnoll

Skill      XL: |  1  2  3  4  5  6  7 |
---------------+----------------------+-----
Maces & Flails | 3 4 5 |  5.1
Shields        | 4 5 |  5.4
Fighting       | 4 5 |  5.0
Armour         | 4 5 |  5.0

Action                   |  1- 3 |  4- 6 |  7- 9 || total
-------------------------+-------+-------+-------++-------
Melee: Flail             |   106 |   518 |    61 ||   685
 Abil: Dig               |       |     8 |       ||     8
  Use: Scroll            |       |     5 |     1 ||     6
  Eat: Chunk             |     1 |    14 |     1 ||    16
Armor: Scale mail        |    21 |       |       ||    21
       Chain mail        |    15 |       |       ||    15
       Plate armour      |     3 |   319 |    38 ||   360
Dodge: Dodged            |    28 |    97 |    11 ||   136
Block: Shield            |    52 |   268 |    36 ||   356
